 Dungeon Crawl Stone Soup version 0.27-a0-1565-gad902ab807 (webtiles) character file.

Game seed: 4054194318862396247

63 mordus the Magician (level 4, -5/32 HPs)
             Began as a Djinni Fire Elementalist on July 16, 2021.
             Killed from afar by an orc wizard (7 damage)
             ... with a magic dart
             ... on level 3 of the Dungeon.
             The game lasted 00:06:50 (2356 turns).

mordus the Magician (Djinni Fire Elementalist)      Turns: 2356, Time: 00:06:51

Health: -5/32      AC:  2    Str:  7    XL:     4   Next: 31%
Gold:   96         EV: 12    Int: 18    God:
                   SH:  0    Dex: 13

rFire    + + .     SeeInvis .   c - +1 dagger (protect)
rCold    x . .     Faith    .   (no shield)
rNeg     . . .     Spirit   .   a - +0 robe
rPois    ∞         Reflect  .   (no helmet)
rElec    .         Harm     .   (no cloak)
rCorr    .         Rampage  .   (no gloves)
Will     .....                  (boots unavailable)
Stlth    ++........             (no amulet)
HPRegen  0.10/turn              (no ring)
MPRegen  0.00/turn              (no ring)

@: flying
A: sickness immunity, fire resistance 2, cold vulnerability 1, float, innate
caster, hp casting, extra vitality 1
a: no special abilities


You were on level 3 of the Dungeon.
You visited 1 branch of the dungeon, and saw 3 of its levels.

You collected 96 gold pieces.

Inventory:

Hand Weapons
 c - a +1 dagger of protection (weapon)
Armour
 a - a +0 robe (worn)
Scrolls
 e - a scroll of identify {unknown}
 f - a scroll of teleportation {unknown}
 h - a scroll of blinking {unknown}
Potions
 b - a potion of magic {unknown}
 d - 2 potions of attraction {unknown}
 g - a potion of heal wounds {unknown}


   Skills:
 + Level 1.5 Fighting
 + Level 2.9 Dodging
 - Level 1.5 Stealth
 * Level 3.2 Spellcasting


You couldn't memorise any spells.
You knew the following spells:

 Your Spells              Type           Power      Damage    Failure   Level
a - Foxfire               Conj/Fire      56%        2x1d6     4%          1
b - Conjure Flame         Conj/Fire      14%        6-21      13%         3
c - Inner Flame           Hex/Fire       14%        N/A       13%         3
d - Sticky Flame          Conj/Fire      14%        2d4       38%         4
e - Fireball              Conj/Fire      7%         3d5       75%         5
f - Sting                 Tmut/Pois      56%        1d5       4%          1
Your spell library was empty.

Dungeon Overview and Level Annotations

Branches:
Dungeon (3/15)

Altars:
Fedhas


Innate Abilities, Weirdness & Mutations

You are immune to sickness and miasma.
You are immune to poison.
Your flesh is very heat resistant. (rF++)
You are vulnerable to cold. (rC-)
You float through the air rather than walking.
You learn spells naturally, not from books.
Your magical power is your life essence.
You have superior vitality. (+4 HP)


Message History

Casting: Foxfire (safe; 4% risk of failure)
Confirm with . or Enter, or press ? or * to list all spells.
You conjure some foxfire!
The foxfire hits something but does no damage.
The foxfire hits something but does no damage.
The orc closely misses you.
Casting: Foxfire (safe; 4% risk of failure)
Confirm with . or Enter, or press ? or * to list all spells.
You conjure some foxfire!
An orc wizard appears from thin air!
Reactivating autopickup.
The orc wizard hits you with a +0 dagger.
* * * LOW HITPOINT WARNING * * *
The orc barely misses you.
You hit the orc wizard.
Your weapon exudes an aura of protection.
The orc wizard is heavily wounded.
The foxfire hits the orc wizard.
The orc wizard is severely wounded.
The foxfire hits the orc wizard.
The orc wizard is almost dead.
The orc wizard closely misses you. The orc hits you with a +0 war axe!
* * * LOW HITPOINT WARNING * * *
The orc wizard points at you and mumbles some strange words.
The magic dart hits you but does no damage.
The orc wizard points at you and mumbles some strange words.
You resist with some effort.
You see here 8 gold pieces.
The orc wizard gestures wildly while chanting.
The orc wizard flickers and vanishes!
Deactivating autopickup; reactivate with Ctrl-A.
Casting: Foxfire (safe; 4% risk of failure)
Confirm with . or Enter, or press ? or * to list all spells.
You conjure some foxfire!
* * * LOW HITPOINT WARNING * * *
The foxfire hits the orc.
The orc is lightly wounded.
Your foxfire dissipates!
A magic dart appears from out of thin air!
The magic dart hits you!
You die...

###
#.#......
#w#.#####
#o#.#
#{#.# #.#
#.# #.#
#.# #@#
#.# #.#
#.. #.#
###


You could see a dart slug and an orc.

Vanquished Creatures
  2 adders
  2 orcs (D:3)
  8 endoplasms
  2 giant cockroaches
  2 goblins (D:1)
  3 hobgoblins
  4 quokkas (D:1)
  3 ball pythons
  4 bats (D:1)
  2 frilled lizards
  4 kobolds
  6 rats
42 creatures vanquished.

Vanquished Creatures (others)
  106 foxfires
  2 fungi (D:2)
  6 plants (D:2)
114 creatures vanquished.

Grand Total: 156 creatures vanquished

Notes
Turn   | Place    | Note
-------+----------+-------------------------------------------
     0 | D:1      | mordus the Djinni Fire Elementalist began the quest for the
                  | Orb.
     0 | D:1      | Reached XP level 1. HP: 15/15 MP: 0/0
   400 | D:1      | Reached XP level 2. HP: 18/22 MP: 0/0
   797 | D:1      | Reached skill level 1 in Fighting
   797 | D:1      | Reached XP level 3. HP: 24/27 MP: 0/0
   797 | D:1      | Learned a level 1 spell: Sting
  1468 | D:2      | Found a faded altar of an unknown god.
  1527 | D:2      | Reached skill level 3 in Spellcasting
  2105 | D:2      | Reached XP level 4. HP: 30/32 MP: 0/0
  2335 | D:3      | Found a blossoming altar of Fedhas.
  2356 | D:3      | Killed from afar by an orc wizard

Illustrated notes

Levels and vault maps discovered:
D:1:      lemuel_arrival_muddy, layout_basic, minmay_octomino_e4
D:2:      layout_basic, shapermc_ecumenical_altar_mp_urbaneastern
D:3:      layout_basic, mainiacjoe_overflow_tiny_flanked, minmay_misc_feat_x

Skill      XL: |  1  2  3 |
---------------+----------+-----
Fighting       | 1 |  1.5
Spellcasting   | 3 |  3.2
Dodging        | |  2.9
Stealth        | |  1.5

Action                   |  1- 3 |  4- 6 || total
-------------------------+-------+-------++-------
Melee: Dagger            |    16 |     7 ||    23
 Cast: Foxfire           |    51 |    13 ||    64
Armor: Robe              |     6 |     4 ||    10
Dodge: Dodged            |    22 |     8 ||    30

Table legend: (Time is in decaauts)
 A = Elapsed time spent in this place.
 B = Non-inter-level travel time spent in this place.
 C = Inter-level travel time spent in this place.
 D = Time resting spent in this place.
 E = Time spent auto-exploring this place.
 F = Levels seen in this place.
 G = Mean time per level.
                   A        B        C        D        E       F      G
               +--------+--------+--------+--------+--------+-----+--------+
         Total |   2355 |   2302 |     53 |    202 |   1793 |   3 |  785.0 |
       Dungeon |   2355 |   2302 |     53 |    202 |   1793 |   3 |  785.0 |
               +--------+--------+--------+--------+--------+-----+--------+

Top non-repeatable levels by time:
     D:1: 1356 daAuts
     D:2: 890 daAuts
     D:3: 107 daAuts
